 Dungeon Crawl Stone Soup version 0.31-a0-524-g2a164cf6a2 (webtiles) character file.

Game seed: 9078502004483027853

334 AdnanSaban the Covered (level 6, -2/39 HPs)
             Began as a Gargoyle Fighter on Aug 12, 2023.
             Slain by an orc wizard
             ... wielding a +0 dagger
              (4 damage)
             ... on level 3 of the Dungeon.
             The game lasted 00:02:18 (2136 turns).

AdnanSaban the Covered (Gargoyle Fighter)           Turns: 2136, Time: 00:02:18

Health: -2/39      AC: 16    Str: 22    XL:     6   Next: 53%
Magic:  6/6        EV:  8    Int:  8    God:
Gold:   153        SH:  4    Dex:  9    Spells: 5/5 levels left

rFire   . . .        a - +0 flail
rCold   + . .        c - +0 buckler
rNeg    + . .        v - +2 chain mail {rC+}
rPois   ∞            (no helmet)
rElec   +            (no cloak)
rCorr   +            (no gloves)
SInv    .            (no boots)
Will    +....        (no amulet) Stlth
                     e - ring of willpower
HPRegen 0.26/turn    o - ring of resist corrosion
MPRegen 0.10/turn

%: no passive effects
@: no status effects
A: sickness immunity, AC +4, negative energy resistance 1, electricity
resistance, torment resistance 1, petrification resistance
a: no special abilities


You were on level 3 of the Dungeon.
You visited 1 branch of the dungeon, and saw 3 of its levels.

You collected 153 gold pieces.

Inventory:

Hand Weapons
 a - a +0 flail (weapon)
Armour
 c - a +0 buckler (worn)
 v - a +2 chain mail of cold resistance (worn)
Jewellery
 e - a ring of willpower (left hand)
 o - a ring of resist corrosion (right hand)
Wands
 p - a wand of mindburst (9)
Scrolls
 g - a scroll of silence {unknown}
 h - a scroll of blinking {unknown}
 j - 2 scrolls of enchant armour {unknown}
 k - a scroll of fog {unknown}
 l - 2 scrolls of identify {unknown}
 m - a scroll of immolation {unknown}
 q - 2 scrolls of fear {unknown}
 r - a scroll of noise {unknown}
 s - a scroll of revelation {unknown}
Potions
 b - a potion of lignification {unknown}
 d - 3 potions of might
 f - 3 potions of mutation {unknown}
 i - 2 potions of haste {unknown}
 n - a potion of brilliance {unknown}
 t - a potion of attraction {unknown}
 u - a potion of berserk rage {unknown}


   Skills:
 + Level 4.3 Fighting
 + Level 4.5 Maces & Flails
 + Level 4.7 Armour
 + Level 1.1 Dodging
 + Level 3.9 Shields


You had 5 spell levels left.
You didn't know any spells.
Your spell library contained the following spells:

 Spells                   Type           Power      Damage    Failure   Level
 Vhi's Electric Charge    Tloc/Air       0%         N/A       100%        3
 Arcjolt                  Conj/Air       0%         1d10      100%        5
 Maxwell's Capacitive Co  Air            0%         ∞         100%        8


Dungeon Overview and Level Annotations

Branches:
Dungeon (3/15)

Altars:


Innate Abilities, Weirdness & Mutations

You are immune to sickness and miasma.
Your stone body is resilient. (AC +4)
You are immune to poison.
You resist negative energy. (rN+)
You are resistant to electric shocks. (rElec)
You are resistant to unholy torment.
You are immune to petrification.


Message History

You block the orc's attack. You block something's attack.
You hit the orc.
The orc is heavily wounded.
You block the orc's attack. Something hits you.
* * * LOW HITPOINT WARNING * * *
You hit the orc.
The orc is severely wounded.
The orc hits you but does no damage. Something hits you but does no damage.
You hit the orc.
You kill the orc!
Something hits you but does no damage.
You closely miss something. Something hits you but does no damage.
You miss something. Something hits you.
* * * LOW HITPOINT WARNING * * *
You block something's attack.
You barely miss something. Something hits you.
* * * LOW HITPOINT WARNING * * *
You closely miss something. Something hits you but does no damage.
You closely miss something. Something hits you but does no damage.
You miss something. Something hits you but does no damage.
You hit something.
Something hits you but does no damage. x2
You miss something. Something hits you but does no damage.
You miss something. Something hits you but does no damage.
You barely miss something. Something hits you but does no damage.
You hit something. Something hits you but does no damage.
You closely miss something.
An orc wizard appears from thin air!
Reactivating autopickup.
The orc wizard hits you but does no damage.
The orc wizard hits you with a +0 dagger.
* * * LOW HITPOINT WARNING * * *
You closely miss the orc wizard.
The orc wizard is heavily wounded.
The orc wizard hits you but does no damage.
You hit the orc wizard but do no damage.
The orc wizard is heavily wounded.
The orc wizard barely misses you.
You hit the orc wizard.
The orc wizard is almost dead.
The orc wizard hits you with a +0 dagger.
You die...

#.............#
#.#
#..........####
..#
#..........#..
#.##
#.........#.....
#######...#.###+
# #...#.# #.#
#..#..######...#
#..#.....)....#
#..#....@o.#.##
##.####.####
#.#8#..#
#...#..+
#...#..#
#.###### ###


You could see an orc wizard.

Vanquished Creatures
  4 orc priests (D:3)
  Natasha (thrice) (D:2)
  Terence (D:3)
  An orc wizard (D:3)
  An adder (D:3)
  2 worms
  3 dart slugs
  4 orcs
  6 endoplasms
  4 giant cockroaches
  3 goblins
  3 hobgoblins (D:1)
  7 kobolds
  7 quokkas
  7 ball pythons
  7 bats
  7 frilled lizards
  5 rats
75 creatures vanquished.

Notes
Turn   | Place    | Note
-------+----------+-------------------------------------------
     0 | D:1      | AdnanSaban the Gargoyle Fighter began the quest for the
                  | Orb.
     0 | D:1      | Reached XP level 1. HP: 14/14 MP: 1/1
    50 | D:1      | Reached XP level 2. HP: 16/19 MP: 2/2
   311 | D:1      | Reached XP level 3. HP: 22/24 MP: 3/3
   863 | D:2      | Reached XP level 4. HP: 29/29 MP: 4/4
   916 | D:2      | Noticed Natasha
   926 | D:2      | Killed Natasha
  1741 | D:2      | Noticed Natasha
  1749 | D:2      | Killed Natasha
  1750 | D:2      | Reached XP level 5. HP: 26/33 MP: 5/5
  1754 | D:2      | Noticed Natasha
  1760 | D:2      | Killed Natasha
  1877 | D:3      | Reached skill level 1 in Dodging
  1893 | D:3      | Reached XP level 6. HP: 5/38 MP: 6/6
  2060 | D:3      | Noticed Terence
  2066 | D:3      | Killed Terence
  2133 | D:3      | HP: 1/39 [orc wizard/+0 dagger (3)]
  2136 | D:3      | Slain by an orc wizard

Illustrated notes

Levels and vault maps discovered:
D:1:      lightli_arrival_chessboard, layout_rooms, corexii_leaking_fountain,
          minmay_pentomino_w4
D:2:      layout_loops_corners, uniq_natasha
D:3:      layout_basic, mainiacjoe_overflow_alcove_1,
          shapermc_ecumenical_altar_mp_vishouse, gammafunk_ghost_split,
          wad_orctagon, uniq_terence

Skill      XL: |  1  2  3  4  5 |
---------------+----------------+-----
Maces & Flails | 3 4 |  4.5
Fighting       | 4 |  4.3
Armour         | 4 |  4.7
Dodging        | 1 |  1.1
Shields        | |  3.9

Action                     |  1- 3 |  4- 6 || total
---------------------------+-------+-------++-------
  Melee: Flail             |   139 |   104 ||   243
 Armour: Scale mail        |   103 |    31 ||   134
         Chain mail        |       |    31 ||    31
  Dodge: Dodged            |    83 |    35 ||   118
  Block: Buckler           |    38 |    29 ||    67

Table legend: (Time is in decaauts)
 A = Elapsed time spent in this place.
 B = Non-inter-level travel time spent in this place.
 C = Inter-level travel time spent in this place.
 D = Time resting spent in this place.
 E = Time spent auto-exploring this place.
 F = Levels seen in this place.
 G = Mean time per level.
                   A        B        C        D        E       F      G
               +--------+--------+--------+--------+--------+-----+--------+
         Total |   2206 |   2142 |     64 |    101 |   1495 |   3 |  735.3 |
       Dungeon |   2206 |   2142 |     64 |    101 |   1495 |   3 |  735.3 |
               +--------+--------+--------+--------+--------+-----+--------+

Top non-repeatable levels by time:
     D:2: 1304 daAuts
     D:1: 636 daAuts
     D:3: 265 daAuts
